 Dungeon Sprint DCSS version 0.23.2-40-g277498a001 (webtiles) character file.

Game seed: 18028293380013554375

12400000 OrcJesus the Conqueror (level 27, -65/273 HPs)
             Began as a Centaur Monk on Aug 13, 2019.
             Was the Champion of Makhleb.
             Annihilated by a fleshlord
             ... wielding a +9 great mace
              (111 damage)
             ... in the Dungeon (Sprint VIII: "Arena of Blood") on Aug 14, 2019.
             The game lasted 00:06:32 (124 turns).

OrcJesus the Conqueror (Centaur Monk)                Turns: 124, Time: 00:06:33

Health: -65/273    AC:  6    Str: 18    XL:     27
Magic:  43/54      EV: 32    Int:  9    God:    Makhleb [******]
Gold:   0          SH:  0    Dex: 21    Spells: 80/80 levels left

rFire    . . .     SeeInvis .   i - +āˆž Axe of Woe
rCold    . . .     Gourm    .   (shield currently unavailable)
rNeg     . . .     Faith    .   a - +0 robe
rPois    .         Spirit   .   (no helmet)
rElec    .         Reflect  .   (no cloak)
rCorr    .         Harm     .   (no gloves)
MR       ++...     NoTele   +   (no barding)
Stlth    +++++++++.             (no amulet)
HPRegen  0.55/turn              (no ring)
MPRegen  0.34/turn              (no ring)

@: lethally poisoned (-65 -> -105), slowed
A: large, hooves 3, deformed body, speed 2, tough skin 3
a: Minor Destruction, Lesser Servant of Makhleb, Major Destruction, Greater
Servant of Makhleb, Renounce Religion


You were in the Dungeon.
You worshipped Makhleb.
Makhleb was exalted by your worship.
You were not hungry.

You visited 1 branch

Inventory:

Hand Weapons
 i - the +āˆž Axe of Woe (weapon)
   (You found it in the Dungeon)
Armour
 a - a +0 robe (worn)
Scrolls
 h - a scroll of blinking
Potions
 c - a potion of curing
 d - a potion of heal wounds
 e - a potion of haste
 f - 2 potions of magic
 g - a potion of berserk rage
Comestibles
 b - a ration


   Skills:
 O Level 27 Fighting
 O Level 27 Axes
 O Level 27 Throwing
 O Level 27 Armour
 O Level 27 Dodging
 O Level 27 Stealth
 O Level 27 Unarmed Combat
 O Level 27 Spellcasting
 O Level 27 Invocations


You had 80 spell levels left.
You didn't know any spells.
Your spell library was empty.

Dungeon Overview and Level Annotations

Branches:
Dungeon (1/1)

Altars:
Makhleb


Innate Abilities, Weirdness & Mutations

You have hooves in place of feet.
Armour fits poorly on your strangely shaped body.
You cover ground very quickly.
You have extremely tough skin. (AC +3)


Message History

You chop one of the eight-headed meat hydra's heads off!
The seven-headed meat hydra grows two more!
You slice the nine-headed meat hydra!!
You chop the nine-headed meat hydra into pieces.
You kill the nine-headed meat hydra!
Makhleb accepts your kill.
You feel better.
You feel very sick.
You hear a shout! x4
The dread calls on the powers of darkness!
The fleshlord convulses!
The scourge convulses!
The fleshlord convulses!
Your body is wracked with pain!
* * * LOW HITPOINT WARNING * * *
Something is bathed in an unholy light! x2
The eight-headed meat hydra convulses!
Something is bathed in an unholy light!
You hear a shout! x3
The fleshlord gestures wildly while chanting.
The fleshlord seems to speed up.
The fleshlord hits you with a +9 great mace!!!!
You die...

.#.....))#)#)).......#
_#.....)))))..).....=#
.#....%.#)#)#))%.....#
....%.V.....)))))....#
.........#.#)#).#....#
..###........))#)....#
..#......D...L.)#....#
..#.....D...Wpā€
#)....#
.............S.p@....#
#...#....D.##..#
....#.....## ..# ...
#.....# ..# .
#....##.. .# #....#.
.....# ....#. .....#
...... ..#### .....
###


You could see a tyrant, 2 eight-headed meat hydras, a scourge, 2 fleshlords and
a dread.

Vanquished Creatures
  4 hell beasts (D)
  2 greater mummies (D)
  5 great orbs of eyes (D)
  2 wraiths (D)
  20 vampire knights (D)
  42 ogres (D)
  5 two-headed ogres (D)
  2 liches (D)
  5 hydras (D)
  65 orcs (D)
  3 phantoms (D)
  5 skeletal warriors (D)
  3 sea snakes (D)
  9 large abominations (D)
  7 small abominations (D)
  9 crawling corpses (D)
188 creatures vanquished.

Vanquished Creatures (others)
  A hydra (D)
  2 crawling corpses (D)
3 creatures vanquished.

Grand Total: 191 creatures vanquished

Notes
Turn   | Place    | Note
-------+----------+-------------------------------------------
     0 | D        | Found the +āˆž Axe of Woe
     0 | D        | OrcJesus the Centaur Monk began the quest for the Orb.
     0 | D        | Reached XP level 1. HP: 19/19 MP: 1/1
     0 | D        | Noticed a bag of meat
     1 | D        | Noticed a meat berserker
     3 | D        | Killed a meat berserker
     3 | D        | Reached XP level 2. HP: 50/50 MP: 2/2
     3 | D        | Reached XP level 3. HP: 57/57 MP: 3/3
     3 | D        | Reached XP level 4. HP: 64/64 MP: 4/4
     3 | D        | Reached XP level 5. HP: 72/72 MP: 5/5
     3 | D        | Reached XP level 6. HP: 80/80 MP: 6/6
     3 | D        | Reached XP level 7. HP: 86/86 MP: 7/7
     3 | D        | Reached XP level 8. HP: 94/94 MP: 8/8
     3 | D        | Reached XP level 9. HP: 101/101 MP: 9/9
     3 | D        | Reached XP level 10. HP: 110/110 MP: 10/10
     3 | D        | Reached XP level 11. HP: 116/116 MP: 11/11
     3 | D        | Reached XP level 12. HP: 124/124 MP: 12/12
     3 | D        | Reached XP level 13. HP: 130/130 MP: 13/13
     3 | D        | Noticed a bag of meat
     3 | D        | Noticed a bag of meat
     5 | D        | Became a worshipper of Makhleb the Destroyer
     5 | D        | Reached * piety under Makhleb
     5 | D        | Reached ** piety under Makhleb
     6 | D        | Noticed a meat berserker
     7 | D        | Noticed a meat berserker
     7 | D        | Noticed a bag of meat
     7 | D        | Noticed a meat berserker
     7 | D        | Noticed a bag of meat
     8 | D        | Noticed a bag of meat
     9 | D        | Noticed a bag of meat
     9 | D        | Killed a meat berserker
     9 | D        | Reached skill level 10 in Axes
     9 | D        | Reached skill level 15 in Dodging
     9 | D        | Reached XP level 14. HP: 146/146 MP: 14/14
     9 | D        | Noticed a meat berserker
     9 | D        | Noticed a meat berserker
    10 | D        | Killed a meat berserker
    10 | D        | Reached XP level 15. HP: 88/158 MP: 15/15
    10 | D        | Reached skill level 15 in Axes
    11 | D        | Killed a meat berserker
    11 | D        | Reached *** piety under Makhleb
    11 | D        | Reached skill level 15 in Armour
    11 | D        | Reached XP level 16. HP: 137/172 MP: 16/16
    12 | D        | Reached **** piety under Makhleb
    12 | D        | Reached XP level 17. HP: 187/187 MP: 17/17
    13 | D        | Killed a meat berserker
    13 | D        | Reached skill level 27 in Fighting
    13 | D        | Reached XP level 18. HP: 194/200 MP: 18/18
    13 | D        | Killed a meat berserker
    13 | D        | Reached ***** piety under Makhleb
    14 | D        | Noticed a meat berserker
    17 | D        | Noticed a meat berserker
    17 | D        | Noticed a destroyer
    17 | D        | Noticed a meat berserker
    18 | D        | Killed a meat berserker
    18 | D        | Reached XP level 19. HP: 207/207 MP: 19/19
    18 | D        | Noticed a meat berserker
    19 | D        | Noticed a meat berserker
    19 | D        | Noticed a meat berserker
    19 | D        | Noticed a meat berserker
    19 | D        | Noticed a meat berserker
    20 | D        | Noticed a destroyer
    20 | D        | Noticed a destroyer
    20 | D        | Noticed a large bag of meat
    21 | D        | Noticed a meat berserker
    21 | D        | Noticed a meat berserker
    22 | D        | Noticed a destroyer
    22 | D        | Noticed a meat berserker
    23 | D        | Noticed a meat berserker
    23 | D        | Noticed a meat berserker
    23 | D        | Killed a destroyer
    23 | D        | Reached skill level 27 in Axes
    23 | D        | Reached skill level 27 in Dodging
    23 | D        | Killed a meat berserker
    23 | D        | Reached skill level 27 in Armour
    23 | D        | Reached skill level 5 in Spellcasting
    23 | D        | Reached XP level 20. HP: 216/216 MP: 19/28
    23 | D        | Killed a large bag of meat
    23 | D        | Killed a meat berserker
    23 | D        | Reached skill level 15 in Throwing
    23 | D        | Reached skill level 15 in Stealth
    23 | D        | Reached skill level 15 in Invocations
    24 | D        | Killed a meat berserker
    24 | D        | Reached ****** piety under Makhleb
    24 | D        | Reached XP level 21. HP: 224/224 MP: 19/38
    24 | D        | Noticed a large bag of meat
    25 | D        | Noticed a large bag of meat
    25 | D        | Reached skill level 15 in Spellcasting
    25 | D        | Noticed a destroyer
    26 | D        | Reached XP level 22. HP: 233/233 MP: 19/44
    26 | D        | Killed a destroyer
    26 | D        | Reached skill level 27 in Unarmed Combat
    26 | D        | Noticed a destroyer
    27 | D        | Reached skill level 27 in Throwing
    27 | D        | Reached skill level 27 in Invocations
    27 | D        | Reached XP level 23. HP: 240/240 MP: 19/50
    27 | D        | Noticed a destroyer
    28 | D        | Killed a destroyer
    28 | D        | Reached skill level 27 in Stealth
    28 | D        | Reached skill level 27 in Spellcasting
    28 | D        | Reached XP level 24. HP: 249/249 MP: 19/54
    29 | D        | Killed a destroyer
    30 | D        | Reached XP level 25. HP: 257/257 MP: 20/54
    31 | D        | Noticed a destroyer
    32 | D        | Reached XP level 26. HP: 266/266 MP: 20/54
    34 | D        | Killed a large bag of meat
    35 | D        | Killed a destroyer
    35 | D        | Reached XP level 27. HP: 273/273 MP: 21/54
    35 | D        | Killed a large bag of meat
    36 | D        | Noticed a destroyer
    36 | D        | Noticed a destroyer
    39 | D        | Noticed a destroyer
    39 | D        | Killed a destroyer
    41 | D        | Noticed a destroyer
    42 | D        | Noticed a destroyer
    43 | D        | Killed a destroyer
    44 | D        | Noticed a large bag of meat
    45 | D        | Killed a destroyer
    46 | D        | Killed a destroyer
    46 | D        | Noticed a destroyer
    47 | D        | Noticed an accursed
    48 | D        | Noticed a destroyer
    51 | D        | Noticed an accursed
    51 | D        | Noticed a destroyer
    52 | D        | Killed a destroyer
    55 | D        | Killed a destroyer
    58 | D        | Noticed a large bag of meat
    58 | D        | Noticed a destroyer
    59 | D        | Killed a destroyer
    59 | D        | Killed a large bag of meat
    60 | D        | Noticed a destroyer
    62 | D        | Noticed a meat beast
    62 | D        | Killed a destroyer
    62 | D        | Killed a destroyer
    63 | D        | Noticed a dread
    63 | D        | Noticed a dread
    64 | D        | Killed a destroyer
    64 | D        | Killed a destroyer
    65 | D        | Killed a meat beast
    68 | D        | Killed an accursed
    69 | D        | Killed an accursed
    75 | D        | Killed a dread
    75 | D        | Killed a destroyer
    75 | D        | Killed a large bag of meat
    76 | D        | Noticed a meat beast
    77 | D        | Killed a destroyer
    80 | D        | Killed a dread
    81 | D        | Noticed a meat beast
    84 | D        | Noticed a destroyer
    85 | D        | Killed a meat beast
    87 | D        | Noticed a meat beast
    88 | D        | Noticed a meat beast
    89 | D        | Noticed a destroyer
    92 | D        | Noticed a tyrant
    92 | D        | Killed a meat beast
    95 | D        | Killed a meat beast
    95 | D        | Killed a destroyer
    97 | D        | Killed a destroyer
   101 | D        | Noticed a tyrant
   107 | D        | Killed a tyrant
   113 | D        | HP: 9/273 [??? (6)]
   116 | D        | Killed a tyrant
   117 | D        | Noticed a fleshlord
   117 | D        | Noticed a tyrant
   118 | D        | Noticed a dread
   120 | D        | HP: 13/273 [poisoned by a scourge (bolt of poison)]
   121 | D        | HP: 4/273 [poisoned by a scourge (bolt of poison)]
   123 | D        | Noticed a fleshlord
   124 | D        | Annihilated by a fleshlord

Skill      XL: |  1  2  3  4  5  6  7  8  9 10 11 12 13 14 15 16 17 18 19 20 21 22 23 |
---------------+----------------------------------------------------------------------+-----
Fighting       | 16 19 21 23 25 27 | 27.0
Dodging        | 13 15 17 19 20 23 25 27 | 27.0
Stealth        | 12 13 16 19 24 27 | 27.0
Unarmed Combat | 16 18 22 26 27 | 27.0
Axes           | 10 13 17 20 23 26 27 | 27.0
Armour         | 8 11 15 17 20 23 27 | 27.0
Throwing       | 8 18 23 27 | 27.0
Spellcasting   | 5 13 18 23 27 | 27.0
Invocations    | 8 18 23 27 | 27.0

Action                   |  1- 3 |  4- 6 |  7- 9 | 10-12 | 13-15 | 16-18 | 19-21 | 22-24 | 25-27 || total
-------------------------+-------+-------+-------+-------+-------+-------+-------+-------+-------++-------
Melee: Executioner's axe |     1 |       |       |       |     3 |     4 |     4 |     4 |    62 ||    78
Dodge: Dodged            |       |       |       |       |     1 |       |       |       |    10 ||    11
